Unix NetHack Version 5.0.0-0 post-release - last build Jun 10 2026 00:39:30 (3ee93aec679c4c4259841fe613dc97188e26a321,branch:main).

Game began 2026-06-13 14:56:30, ended 2026-06-13 15:14:32.

LDaviesPeters, neutral female human Archeologist

                                                          --------
                                                         #.....d.|
                                                         #|.......#
                                                         #|......|#
                                            #            #|.[....|#
                              -------    ####            #--------#
                              |...... ########    ##     ####     #
                              |.....| ##     ############   #     #
                              -....B.##          #      #####    ##
                              |...fi|                      ###   #------------
                              |....@|                       ###  #|..........|
                              -------                       # ####.<.........|
                                                                  |..........|
                                                                  |..........|
                                                                  |..........|
                                                                  ------------

LDaviesPeters the Field Worker  St:14 Dx:8 Co:13 In:15 Wi:16 Ch:10  Neutral
Dlvl:4  $:0  HP:0(27) Pw:21(21) AC:0  Xp:3 T:1405 

Latest messages:
 You hear someone cursing shoplifters.
 You hear some noises.
 You descend the stairs.
 You hear a jackal howling at the moon.
 You hear a jackal howling at the moon.
 You see here a scroll labeled XIXAXA XOXAXA XUXAXA.
 You decipher the label on your scroll labeled XIXAXA XOXAXA XUXAXA.
 J - a scroll of identify.
 Pick a monster, object or location.
 i        an imp or minor demon (imp)
 The imp hits!
 The orc zombie strikes at your displaced image and misses you!
 You climb up the stairs.
 The imp hits!
 "Thou ought to be a comedian, thy skills are so laughable!"
 You lash the imp.
 The imp misses!
 You lash the imp.
 The imp hits!
 "Hast thou considered masking thine odour?"
 You lash the imp.
 The imp hits!
 "Only thy reflection could love thee!"
 You miss the imp.
 The imp hits!
 You miss the imp.
 The imp misses!
 You lash the imp.
 The imp hits!
 You lash the imp.
 The imp hits!
 You miss the imp.
 The imp hits!
 You miss the imp.
 The imp misses!
 You miss the imp.
 The imp hits!
 You miss the imp.
 The imp hits!
 You miss the imp.
 The imp hits!
 Are you sure you want to pray? [yn] (n) y
 You begin praying to Camaxtli.
 The imp hits!
 You die...
 Do you want your possessions identified? [ynq] (y) y
 Do you want to see your attributes? [ynq] (y) y
 Do you want an account of creatures vanquished? [ynaq] (y) n
 Do you want to see your conduct and achievements? [ynq] (y) y
 Do you want to see the dungeon overview? [ynq] (y) n

Inventory:
 Weapons  (')')
  a - a +2 bullwhip (weapon in left hand)
 Armor    ('[')
  D - an uncursed +0 orcish helm (being worn)
  t - an uncursed +0 pair of leather gloves (being worn)
  l - an uncursed +0 shield of shock resistance (being worn)
  v - an uncursed +0 cloak of displacement (being worn)
  z - an uncursed +0 Hawaiian shirt with a flamingo motif (being worn)
  C - an uncursed +1 elven mithril-coat (being worn)
 Comestibles  ('%')
  d - 2 uncursed food rations
  H - an uncursed pancake
 Scrolls  ('?')
  J - a blessed scroll of identify
 Rings    ('=')
  E - a cursed ring of teleportation named Cursed
 Tools    ('(')
  b - an uncursed bag of holding containing 11 items
  F - a cursed oil lamp
  p - a +0 pick-axe
  f - a tinning kit (0:65)
 Gems/Stones  ('*')
  q - an uncursed jade stone
  g - an uncursed touchstone

Contents of the bag of holding:
  64 gold pieces
  a +0 war hammer
  a blessed +0 fedora
  an uncursed -1 pair of levitation boots
  3 uncursed food rations
  an uncursed scroll of enchant armor
  an uncursed scroll of enchant weapon
  2 uncursed potions of healing
  an uncursed potion of invisibility
  a blessed potion of paralysis
  a wand of light (0:12)

LDaviesPeters the Archeologist's attributes:

Background:
 You were a Field Worker, a level 3 female human Archeologist.
 You were neutral, on a mission for Camaxtli
 who was opposed by Quetzalcoatl (lawful) and Huhetotl (chaotic).
 You were left-handed.
 You were in the Dungeons of Doom, on level 4.
 You entered the dungeon 1405 turns ago.
 You had 70 experience points, 10 more were needed to attain level 4.

Basics:
 You had 0 out of 27 hit points.
 You had all 21 energy points (spell power).
 Your armor class was 0.
 Your wallet was empty, but
 you had 64 zorkmids stashed away in your pack.
 Autopickup was off.

Final Characteristics:
 Your strength was 14 (limit:18/100).
 Your dexterity was 8 (limit:18).
 Your constitution was 13 (limit:18).
 Your intelligence was 15 (limit:18).
 Your wisdom was 16 (limit:18).
 Your charisma was 10 (limit:18).

Final Status:
 You weren't hungry.
 You were unencumbered.
 You were wielding a whip.
 You had basic skill with whip.

Final Attributes:
 You were devoutly aligned.
 You were shock resistant.
 Your items were protected from electric shocks.
 You had automatic searching.
 You were displaced.
 You were guarded.
 You are dead.

Miscellaneous:
 You didn't encounter any bones levels.
 Total elapsed playing time was 18 minutes and 2 seconds.

Major events:
 Turn
    1: LDaviesPeters the neutral female human Archeologist entered the dungeon
 1010: attained the rank of Field Worker (level 3)
 1217: entered the Gnomish Mines
 1405: killed by an imp, while praying

You didn't know any spells.

Skills:
 Fighting Skills
   bare handed combat [Unskilled]
   two weapon combat  [Unskilled]
   riding             [Unskilled]
 Weapon Skills
   dagger             [Unskilled]
   knife              [Unskilled]
   pick-axe           [Basic]
   short sword        [Unskilled]
   saber              [Unskilled]
   club               [Unskilled]
   quarterstaff       [Unskilled]
   sling              [Unskilled]
   dart               [Unskilled]
   boomerang          [Unskilled]
   whip               [Basic]
   unicorn horn       [Unskilled]
 Spellcasting Skills
   attack spells      [Unskilled]
   healing spells     [Unskilled]
   divination spells  [Unskilled]
   matter spells      [Unskilled]

Voluntary challenges:
 Character rerolling was not enabled.
 You never genocided any monsters.
 You never polymorphed an object.
 You never changed form.
 You used no wishes.
Achievements:
 You entered a shop.
 You attained the rank of Field Worker.
 You entered the Gnomish Mines.

 The Dungeons of Doom: levels 1 to 5
    Level 1:
       Some fountains, a grave.
    Level 2:
       An armor shop, a sink.
    Level 3:
       Stairs down to The Gnomish Mines.
    Level 4: <- You were here.
       Final resting place for
          you, killed by an imp, while praying.
    Level 5:
 The Gnomish Mines:
    Level 4:


Vanquished creatures:
  2 shriekers
  3 iguanas
 an acid blob
  a hobbit
  a giant rat
  a green mold
  a gecko
  4 jackals
  2 foxes
  2 kobolds
  a goblin
  2 sewer rats
  5 grid bugs
  3 lichens
  a kobold zombie
  4 newts
34 creatures vanquished.

No species were genocided or became extinct.

Game over:
                       ----------
                      /          \
                     /    REST    \
                    /      IN      \
                   /     PEACE      \
                  /                  \
                  |  LDaviesPeters   |
                  |      64 Au       |
                  | killed by an imp |
                  |                  |
                  |                  |
                  |                  |
                  |       2026       |
                 *|     *  *  *      | *
        _________)/\\_//(\/(/\)/\//\/|_)_______

Goodbye LDaviesPeters the Archeologist...

You died in The Dungeons of Doom on dungeon level 4 with 548 points,
and 64 pieces of gold, after 1405 moves.
You were level 3 with a maximum of 27 hit points when you died.

